 Dungeon Crawl Stone Soup version 0.32-a0-172-gc5dd13f2a7 (webtiles) character file.

Game seed: 9066002801546476459

6399 Bravepunisher the Pandemonic (level 10, -3/51 HPs)
             Began as a Spriggan Monk on Feb 12, 2024.
             Was a High Priest of Makhleb.
             Slain by a boulder beetle (15 damage)
             ... on level 10 of the Dungeon.
             The game lasted 00:32:20 (8503 turns).

Bravepunisher the Pandemonic (Spriggan Monk)        Turns: 8503, Time: 00:32:25

Health: -3/51      AC: 13    Str:  9    XL:     10   Next: 66%
Magic:  21/21      EV: 20    Int: 12    God:    Makhleb [*****.]
Gold:   446        SH:  0    Dex: 20    Spells: 9/9 levels left

rFire   + . .        b - +5 war axe
rCold   . . .        (no shield)
rNeg    . . .        C - +1 steam dragon scales
rPois   .            (helmet restricted)
rElec   .            v - +1 cloak
rCorr   .            (gloves unavailable)
SInv    +            (boots unavailable)
Will    +....        D - amulet of faith
Stlth   ++           A - ring of protection from fire
HPRegen 0.28/turn    a - +4 ring of protection
MPRegen 0.17/turn

%: faith
@: very quick
A: very small, no large weapons, unfitting armour, see invisible, speed 3
a: Renounce Religion, Minor Destruction, Lesser Servant of Makhleb, Major
Destruction, Greater Servant of Makhleb


You were on level 10 of the Dungeon.
You worshipped Makhleb.
Makhleb was extremely pleased with you.
You visited 2 branches of the dungeon, and saw 11 of its levels.

You collected 446 gold pieces.

Inventory:

Hand Weapons
 b - a +5 war axe (weapon)
Armour
 v - a +1 cloak (worn)
 C - +1 steam dragon scales (worn)
Jewellery
 a - a +4 ring of protection (right hand)
 A - a ring of protection from fire (left hand)
 D - an amulet of faith (around neck)
Wands
 r - a wand of digging (4)
 E - a wand of paralysis (12)
Scrolls
 d - a scroll of blinking {unknown}
 e - 10 scrolls of identify {unknown}
 h - a scroll of enchant weapon {unknown}
 i - a scroll of torment {unknown}
 k - 3 scrolls of revelation {unknown}
 m - 3 scrolls of noise {unknown}
 n - a scroll of brand weapon {unknown}
 o - 6 scrolls of enchant armour
 p - a scroll of fear {unknown}
 q - 2 scrolls of amnesia
 s - 2 scrolls of vulnerability {unknown}
 u - 2 scrolls of teleportation {unknown}
 z - 2 scrolls of fog
Potions
 c - 2 potions of ambrosia
 f - 2 potions of attraction {unknown}
 g - a potion of resistance {unknown}
 j - 3 potions of heal wounds
 l - 4 potions of mutation {unknown}
 t - 2 potions of enlightenment {unknown}
 w - 2 potions of haste {unknown}
 B - 3 potions of degeneration {unknown}


   Skills:
 + Level 5.1 Fighting
 - Level 3.2 Short Blades
 - Level 5.0 Armour
 + Level 4.6 Dodging
 * Level 13.5 Invocations


You had 9 spell levels left.
You didn't know any spells.
Your spell library contained the following spells:

 Spells                   Type           Power      Damage    Failure   Level
 Blink                    Tloc           0%         N/A       45%         2
 Ensorcelled Hibernation  Hex/Ice        0%         N/A       45%         2
 Lesser Beckoning         Tloc           0%         N/A       45%         2
 Momentum Strike          Conj/Tloc      0%         3d8       45%         2
 Fugue of the Fallen      Necr           0%         N/A       69%         3
 Passwall                 Erth           0%         N/A       69%         3
 Swiftness                Air            0%         N/A       69%         3
 Anguish                  Hex/Necr       0%         N/A       97%         4
 Cause Fear               Hex            0%         N/A       97%         4
 Manifold Assault         Tloc           0%         N/A       97%         4
 Dispersal                Tloc           0%         N/A       100%        6
 Enfeeble                 Hex            0%         N/A       100%        7
 Disjunction              Tloc           0%         N/A       100%        8


Dungeon Overview and Level Annotations

Branches:
Dungeon (10/15)            Temple (1/1) D:4            Lair (0/5) D:9
    Orc (0/2) D:9

Altars:
Ashenzari
Cheibriados
Dithmenos
Elyvilon
Fedhas
Gozag
Hepliaklqana
Kikubaaqudgha
Makhleb
Nemelex Xobeh
Okawaru
Qazlal
Ru
Sif Muna
Trog
Uskayaw
Vehumet
Wu Jian
Xom
Yredelemnul
Zin
The Shining One

Shops:
D:2 !


Innate Abilities, Weirdness & Mutations

You are very small and have problems with some larger weapons.
You are too small for most types of armour.
You have supernaturally acute eyesight. (SInv)
You cover ground extremely quickly. (Speed+++)


Message History

You hit the boulder beetle.
The boulder beetle is lightly wounded.
The boulder beetle is no longer paralysed.
The boulder beetle bites you!
The boulder beetle curls into a ball and begins rolling!
Things that are here:
a +0 dagger; a +0 robe
There is an open door here.
The boulder beetle attacks as it pursues you!
The boulder beetle hits you but does no damage.
The boulder beetle stops rolling and uncurls.
A demon appears!
The boulder beetle bites you but does no damage.
Unknown command.
You hit the boulder beetle but do no damage.
The boulder beetle barely misses you.
Your ynoxinul hits the boulder beetle but does no damage.
The boulder beetle bites you!
Unknown command.
You hit the boulder beetle but do no damage.
Your ynoxinul hits the boulder beetle but does no damage.
The boulder beetle bites you but does no damage.
Your ynoxinul hits the boulder beetle but does no damage.
Unknown command.
You hit the boulder beetle but do no damage.
The boulder beetle closely misses you.
Your ynoxinul hits the boulder beetle but does no damage.
The boulder beetle completely misses you.
Unknown command.
You hit the boulder beetle but do no damage.
Your ynoxinul hits the boulder beetle. The boulder beetle barely misses you.
Your ynoxinul hits the boulder beetle but does no damage.
Unknown command.
You hit the boulder beetle but do no damage.
The boulder beetle is lightly wounded.
The boulder beetle bites you!
* * * LOW HITPOINT WARNING * * *
Your ynoxinul hits the boulder beetle but does no damage.
The boulder beetle bites you!
You die...

#.# #....... #.# #.......
#.# #######+ #.# #.. #.#
##.### #.# #.....
####'####### #.../.
#.........3# #.....
#.......@B.# ####.....
#..........######........
#..........'.)°...##○....
#..........#########.....
#..........# #>....
#..........# #.....
############ ######


You could see a boulder beetle (ally target) and a friendly ynoxinul (summoned).

Vanquished Creatures
  A manticore (D:8)
  A kobold demonologist (D:10)
  A komodo dragon (D:9)
  A troll (D:9)
  The ghost of MrSquiggles the Charlatan, an amateur DsWn of Nemelex Xobeh (D:3)
  3 yaks (D:9)
  A vampire (D:10)
  2 wyverns (D:9)
  3 steam dragons
  A water moccasin (D:6)
  3 orc warriors
  An ice beast (D:6)
  A black bear (D:6)
  An ogre (D:5)
  A phantom (D:4)
  A centaur (D:5)
  A kobold brigand (D:7)
  3 bullfrogs
  2 wyvern zombies (D:7)
  6 scorpions
  5 wights (D:7)
  8 killer bees
  A howler monkey (D:7)
  2 electric eels (D:7)
  2 bombardier beetles (D:6)
  4 centaur zombies (D:7)
  4 hounds
  A bullfrog zombie (D:7)
  2 gnoll boudas
  2 orc priests
  3 jellies
  Jessica (D:3)
  8 orc wizards
  5 howler monkey zombies (D:7)
  6 gnolls
  6 adders
  A shadow imp (D:6)
  A ribbon worm (D:3)
  4 dart slugs
  34 orcs
  8 bats
  9 endoplasms
  A giant cockroach (D:2)
  5 goblins
  7 hobgoblins
  3 quokkas
  3 ball pythons
  A frilled lizard (D:3)
  9 kobolds
  3 rats
184 creatures vanquished.

Vanquished Creatures (collateral kills)
  An acid dragon (D:10)
  8 killer bees
  2 howler monkeys (D:10)
  3 gnolls (D:9)
14 creatures vanquished.

Grand Total: 198 creatures vanquished

Notes
Turn   | Place    | Note
-------+----------+-------------------------------------------
     0 | D:1      | Bravepunisher the Spriggan Monk began the quest for the
                  | Orb.
     0 | D:1      | Reached XP level 1. HP: 11/11 MP: 2/2
   229 | D:3      | Noticed Jessica
   246 | D:3      | Found a white marble altar of Elyvilon.
   299 | D:4      | Found a staircase to the Ecumenical Temple.
   305 | Temple   | Entered the Ecumenical Temple
   314 | Temple   | Became a worshipper of Makhleb the Destroyer
   314 | Temple   | Reached * piety under Makhleb
   314 | Temple   | Reached ** piety under Makhleb
   448 | D:2      | Reached XP level 2. HP: 15/16 MP: 3/3
   510 | D:2      | Reached skill level 1 in Invocations
   781 | D:1      | Reached skill level 2 in Invocations
  1205 | D:2      | Reached XP level 3. HP: 17/19 MP: 5/5
  1520 | D:2      | Found Iczukk's Distillery.
  1693 | D:3      | Reached skill level 3 in Invocations
  1757 | D:3      | Killed Jessica
  1758 | D:3      | Reached XP level 4. HP: 23/23 MP: 7/7
  2031 | D:3      | Found a sacrificial altar of Ru.
  2083 | D:3      | Reached *** piety under Makhleb
  2088 | D:3      | Reached skill level 4 in Invocations
  2337 | D:3      | Found a runed translucent door.
  2337 | D:3      | Noticed MrSquiggles's ghost (amateur DsWn)
  2436 | D:4      | Noticed a phantom
  2444 | D:4      | Killed a phantom
  2445 | D:4      | Reached skill level 5 in Invocations
  2445 | D:4      | Reached XP level 5. HP: 22/27 MP: 9/9
  2850 | D:5      | Entered Level 5 of the Dungeon
  2889 | D:5      | Reached XP level 6. HP: 30/32 MP: 11/11
  2949 | D:5      | Reached skill level 6 in Invocations
  3088 | D:5      | Reached skill level 7 in Invocations
  3289 | D:5      | Reached XP level 7. HP: 33/35 MP: 13/13
  3379 | D:5      | Identified the +4 long sword of Ykiuz {heavy, Int+8}
  3397 | D:5      | Reached skill level 8 in Invocations
  4078 | D:6      | Found a snail-covered altar of Cheibriados.
  4081 | D:6      | Found an ornate altar of the Wu Jian Council.
  4087 | D:6      | Reached **** piety under Makhleb
  4088 | D:6      | Reached skill level 9 in Invocations
  4088 | D:6      | Reached XP level 8. HP: 39/39 MP: 15/15
  4113 | D:6      | Found a shadowy altar of Dithmenos.
  4309 | D:6      | Reached skill level 10 in Invocations
  4616 | D:6      | Found a shimmering altar of Xom.
  4726 | D:6      | Reached skill level 1 in Armour
  5137 | D:7      | Reached XP level 9. HP: 41/44 MP: 18/18
  5317 | D:7      | Reached skill level 11 in Invocations
  6085 | D:8      | Noticed a manticore
  6109 | D:8      | Killed a manticore
  6288 | D:8      | Reached ***** piety under Makhleb
  6506 | D:8      | Reached skill level 12 in Invocations
  6516 | D:8      | Found a hide-covered altar of Uskayaw.
  6687 | D:9      | Found a staircase to the Orcish Mines.
  6692 | D:9      | Identified the +1 sling "Yfonofiu" {freeze, rF+ Dex+3}
  6712 | D:9      | Noticed a troll
  6770 | D:9      | Killed a troll
  6771 | D:9      | Reached skill level 5 in Fighting
  6771 | D:9      | Reached XP level 10. HP: 28/51 MP: 20/20
  6857 | D:9      | Found a stormy altar of Qazlal.
  7226 | D:9      | Found a staircase to the Lair.
  7645 | D:10     | Entered Level 10 of the Dungeon
  7829 | D:3      | Killed MrSquiggles's ghost
  7830 | D:3      | Reached skill level 13 in Invocations
  7985 | D:10     | Noticed a boulder beetle
  8323 | D:10     | Reached skill level 5 in Armour
  8503 | D:10     | Slain by a boulder beetle

Illustrated notes

Levels and vault maps discovered:
D:1:      dpeg_arrival_arbitrary_a, layout_basic
D:2:      layout_loops_ring, serial_shops, nicolae_shop_tiny_glass
D:3:      minmay_chambers_of_threes, layout_loops_ring, marbit_many_paths,
          elyvilon_altar_5, gammafunk_ghost_grave,
          ebering_dispersal_statue_hall, minmay_box_of_dots, uniq_jessica
D:4:      layout_cave_pools, minmay_temple_entry_hall, solitary_fountain
D:5:      layout_gridville, minmay_statues_item, solitary_fountain,
          minmay_misc_feat_rows
D:6:      layout_loops_ring, mainiacjoe_overflow_surrounded_room,
          grunt_temple_overflow_open
D:7:      layout_gridville, serial_undead, serial_undead_f, serial_undead_f,
          serial_undead_d, serial_undead_a, serial_undead_b, serial_undead_b,
          serial_undead_e, fountainhead
D:8:      layout_cave_pools, kennysheep_mini_moat
D:9:      layout_cave_pools, grunt_qazlal_clouds, david_lair_shrubbed,
          orc_0_dummy
D:10:     layout_roguey
Temple:   nicolae_temple_ecumenical_triangle

Skill      XL: |  1  2  3  4  5  6  7  8  9 10 |
---------------+-------------------------------+-----
Invocations    | 2 3 5 7 9 10 12 13 | 13.5
Fighting       | 3 5 |  5.1
Armour         | 2 3 5 |  5.0
Short Blades   | |  3.2
Dodging        | |  4.6

Action                     |  1- 3 |  4- 6 |  7- 9 | 10-12 || total
---------------------------+-------+-------+-------+-------++-------
  Melee: Short sword       |    23 |     7 |       |       ||    30
         Long sword        |       |       |    17 |       ||    17
         War axe           |       |       |    57 |    36 ||    93
  Throw: Throwing net      |       |       |     1 |       ||     1
 Invoke: Minor Destruction |    58 |   112 |   205 |    88 ||   463
         Lesser Servant of |       |       |     2 |     4 ||     6
  Evoke: Wand              |       |       |       |     4 ||     4
    Use: Potion            |       |       |     4 |     3 ||     7
         Scroll            |       |       |       |     3 ||     3
   Stab: Sleeping          |     1 |       |       |       ||     1
         Held in net/web   |       |       |     1 |       ||     1
         Paralysed         |       |       |       |     9 ||     9
         Distracted        |       |       |       |     1 ||     1
 Armour: Robe              |    13 |     9 |     8 |       ||    30
         Steam dragon scal |       |       |    85 |    41 ||   126
  Dodge: Dodged            |    25 |    46 |   194 |    96 ||   361

Table legend: (Time is in decaauts)
 A = Elapsed time spent in this place.
 B = Non-inter-level travel time spent in this place.
 C = Inter-level travel time spent in this place.
 D = Time resting spent in this place.
 E = Time spent auto-exploring this place.
 F = Levels seen in this place.
 G = Mean time per level.
                   A        B        C        D        E       F      G
               +--------+--------+--------+--------+--------+-----+--------+
         Total |   6272 |   5910 |    362 |      2 |   4549 |  11 |  570.2 |
       Dungeon |   6260 |   5903 |    357 |      2 |   4549 |  10 |  626.0 |
        Temple |     12 |      8 |      4 |      0 |      0 |   1 |   12.0 |
               +--------+--------+--------+--------+--------+-----+--------+

Top non-repeatable levels by time:
     D:7: 953 daAuts
     D:9: 858 daAuts
     D:5: 843 daAuts
     D:3: 752 daAuts
     D:6: 686 daAuts
     D:8: 474 daAuts
     D:2: 459 daAuts
     D:1: 442 daAuts
    D:10: 408 daAuts
     D:4: 381 daAuts
  Temple: 12 daAuts
